HSSL
OCEANSIDE HS PIRATES @ BISHOP AMAT HS
04/15/2027
 
TOP OF THE 1ST
Oceanside HS Pirates batting - Pitching for Bishop Amat HS : RHP Edward Bontein
Pitching: RHP Edward Bontein
Batting: LHB Ron Young 0-0: Ball
1-0: Foul Ball, location: 2F
1-1: Ball
2-1: Ball
3-1: Base on Balls
Batting: RHB Howard Brown 0-0: Ball
Ron Young steals 2nd base
1-0: Fly out, F4 (Line Drive, 34D)
Batting: RHB Norm Walker 0-0: Ball
1-0: Called Strike
1-1: Called Strike
1-2: Ball
2-2: Foul Ball, location: 2F
2-2: Ball
3-2: Base on Balls
Batting: RHB Heath Jones 0-0: Called Strike
0-1: Called Strike
Throwing error on steal attempt, E2
Ron Young scores
Norm Walker to third
0-2: Strikes out looking
Batting: LHB Frank Byrd 0-0: Ball
1-0: Ball
2-0: Called Strike
2-1: Called Strike
2-2: Ball
3-2: Strikes out swinging
Top of the 1st over - 1 run(s), 0 hit(s), 1 error(s), 1 left on base; Oceanside HS 1 - Bishop Amat HS 0
BOTTOM OF THE 1ST
Bishop Amat HS batting - Pitching for Oceanside HS Pirates : RHP Júlio Vázquez
Pitching: RHP Júlio Vázquez
Batting: RHB Ralph Petit 0-0: Ball
1-0: Called Strike
1-1: Ball
2-1: Ball
3-1: Base on Balls
Batting: RHB Blake Davis 0-0: Ball
1-0: Called Strike
1-1: Ball
2-1: Swinging Strike
2-2: Foul Ball, location: 2F
2-2: SINGLE (Flyball, 7LS)
Ralph Petit to second
Batting: RHB Mike Best 0-0: Foul Ball, location: 2F
0-1: Ball
Error on foul ball, E9
1-2: SINGLE (Line Drive, 89S)
Ralph Petit to third
Blake Davis to second
Batting: RHB Louis García 0-0: Ball
1-0: Ball
2-0: Called Strike
2-1: Called Strike
2-2: Foul Ball, location: 2F
2-2: Fly out, F3 (Popup, 3D)
Batting: RHB Haywood Young 0-0: Foul Ball, location: 2F
0-1: Ball
1-1: Ball
2-1: Foul Ball, location: 2F
2-2: SINGLE (Groundball, 6) (infield hit)
Ralph Petit scores
Blake Davis to third
Mike Best to second
Batting: LHB Adam Roberts 0-0: Called Strike
0-1: Grounds into fielders choice 1-2 (Groundball, 13S)
Mike Best to third
Haywood Young to second
Batting: RHB Edison Knight 0-0: Ball
1-0: Foul Ball, location: 2F
1-1: Called Strike
1-2: Fielders Choice at 2nd, 6-4 (Groundball, 6)
Bottom of the 1st over - 1 run(s), 3 hit(s), 1 error(s), 2 left on base; Oceanside HS 1 - Bishop Amat HS 1
TOP OF THE 2ND
Oceanside HS Pirates batting - Pitching for Bishop Amat HS : RHP Edward Bontein
Batting: RHB Luis Viña 0-0: Foul Ball, location: 2F
0-1: TRIPLE (Line Drive, 3L)
Batting: RHB Pancho Rodríguez 0-0: Ball
1-0: Ball
2-0: Ball
3-0: Called Strike
3-1: Swinging Strike
3-2: Foul Ball, location: 2F
3-2: SINGLE (Flyball, 8RS)
Luis Viña scores
Batting: RHB Danny Boykins 0-0: Ball
1-0: Called Strike
1-1: SINGLE (Line Drive, 89S)
Pancho Rodríguez to second
Batting: RHB Henry Rose 0-0: Ball
1-0: Ball
2-0: Fly out, F7 (Line Drive, 7LM)
Batting: LHB Ron Young 0-0: Ball
1-0: Called Strike
1-1: Foul Ball, location: 2F
1-2: Ball
2-2: Fly out, F7 (Flyball, 7LSF)
Batting: RHB Howard Brown 0-0: Called Strike
0-1: Swinging Strike
0-2: Ball
1-2: Ball
2-2: SINGLE (Groundball, 56D)
Pancho Rodríguez to third
Danny Boykins to second
Runner from 3rd tries for Home, SAFE, no throw
Batting: RHB Norm Walker 0-0: Ball
1-0: Called Strike
1-1: Swinging Strike
1-2: Strikes out looking
Top of the 2nd over - 2 run(s), 4 hit(s), 0 error(s), 2 left on base; Oceanside HS 3 - Bishop Amat HS 1
BOTTOM OF THE 2ND
Bishop Amat HS batting - Pitching for Oceanside HS Pirates : RHP Júlio Vázquez
Batting: RHB Andrew Miller 0-0: Called Strike
0-1: SOLO HOME RUN (Flyball, 78XD), Distance : 423 ft
Batting: RHB Ben Martin 0-0: Swinging Strike
0-1: TRIPLE (Flyball, 78D)
Batting: RHB Ralph Petit 0-0: Called Strike
0-1: Foul Ball, location: 2F
0-2: Fly out, F9 (Flyball, 9)
Runner from 3rd tags up, SCORES, no throw
Batting: RHB Blake Davis 0-0: Swinging Strike
0-1: Ground out 6-3 (Groundball, 6)
Batting: RHB Mike Best 0-0: Ball
1-0: Ball
2-0: Ball
3-0: Called Strike
3-1: Foul Ball, location: 2F
3-2: Foul Ball, location: 2F
3-2: Foul Ball, location: 2F
3-2: Foul Ball, location: 2F
3-2: Strikes out looking
Bottom of the 2nd over - 2 run(s), 2 hit(s), 0 error(s), 0 left on base; Oceanside HS 3 - Bishop Amat HS 3
TOP OF THE 3RD
Oceanside HS Pirates batting - Pitching for Bishop Amat HS : RHP Edward Bontein
Batting: RHB Heath Jones 0-0: Ball
1-0: SINGLE (Groundball, 25) (infield hit)
Batting: LHB Frank Byrd 0-0: Foul Ball, location: 2F
0-1: Called Strike
0-2: Strikes out looking
Batting: RHB Luis Viña 0-0: Ball
1-0: Called Strike
1-1: Swinging Strike
1-2: Ball
2-2: Foul Ball, location: 2F
2-2: Strikes out looking
Batting: RHB Pancho Rodríguez 0-0: Ball
1-0: Ball
2-0: Ball
3-0: Base on Balls
Heath Jones to second
Batting: RHB Danny Boykins 0-0: Ball
1-0: SINGLE (Line Drive, 56)
Heath Jones to third
Pancho Rodríguez to second
Runner from 3rd tries for Home, SAFE, no throw
Batting: RHB Henry Rose 0-0: Ball
1-0: Ball
2-0: Ball
3-0: Foul Ball, location: 2F
3-1: Base on Balls
Pancho Rodríguez to third
Danny Boykins to second
Batting: LHB Ron Young 0-0: Called Strike
0-1: Ball
1-1: Ball
2-1: Foul Ball, location: 2F
2-2: Ball
3-2: Base on Balls
Pancho Rodríguez scores
Danny Boykins to third
Henry Rose to second
Pitching: RHP Michael Miller
Batting: RHB Howard Brown 0-0: Called Strike
0-1: Foul Ball, location: 2F
0-2: Foul Ball, location: 2F
0-2: Ball
1-2: Ball
2-2: Strikes out swinging
Top of the 3rd over - 2 run(s), 2 hit(s), 0 error(s), 3 left on base; Oceanside HS 5 - Bishop Amat HS 3
BOTTOM OF THE 3RD
Bishop Amat HS batting - Pitching for Oceanside HS Pirates : RHP Júlio Vázquez
Batting: RHB Louis García 0-0: Ball
1-0: Foul Ball, location: 2F
1-1: Fly out, F4 (Popup, 3D)
Batting: RHB Haywood Young 0-0: Ground out 6-3 (Groundball, 6)
Batting: LHB Adam Roberts 0-0: Ball
1-0: SINGLE (Flyball, 89S)
Batting: RHB Edison Knight 0-0: Ball
Adam Roberts is caught stealing 2nd base
Bottom of the 3rd over - 0 run(s), 1 hit(s), 0 error(s), 0 left on base; Oceanside HS 5 - Bishop Amat HS 3
TOP OF THE 4TH
Oceanside HS Pirates batting - Pitching for Bishop Amat HS : RHP Michael Miller
Batting: RHB Norm Walker 0-0: Ball
1-0: Foul Ball, location: 2F
1-1: Ball
2-1: Ball
3-1: Foul Ball, location: 2F
3-2: Ground out 6-3 (Groundball, 6)
Batting: RHB Heath Jones 0-0: Called Strike
0-1: SINGLE (Groundball, 34D)
Batting: LHB Frank Byrd 0-0: Ball
1-0: Called Strike
1-1: Ball
2-1: Called Strike
2-2: Ball
3-2: Foul Ball, location: 2F
3-2: Foul Ball, location: 2F
3-2: Strikes out swinging
Batting: RHB Luis Viña 0-0: Ball
1-0: Fly out, F9 (Flyball, 9)
Top of the 4th over - 0 run(s), 1 hit(s), 0 error(s), 1 left on base; Oceanside HS 5 - Bishop Amat HS 3
BOTTOM OF THE 4TH
Bishop Amat HS batting - Pitching for Oceanside HS Pirates : RHP Júlio Vázquez
Batting: RHB Edison Knight 0-0: Called Strike
0-1: Called Strike
0-2: SINGLE (Line Drive, 56D)
Batting: RHB Andrew Miller 0-0: Ball
1-0: Ball
2-0: Called Strike
2-1: Swinging Strike
2-2: Foul Ball, location: 2F
2-2: Reached on error, E6 (Groundball, 6S)
Edison Knight to second
Batting: RHB Ben Martin 0-0: Fielders Choice at 2nd, 4-6 (Groundball, 34)
Edison Knight to third
Batting: RHB Ralph Petit 0-0: Called Strike
Ben Martin steals 2nd base
0-1: Foul Ball, location: 2F
0-2: SINGLE (Line Drive, 78S)
Edison Knight scores
Ben Martin to third
Batting: RHB Blake Davis 0-0: Ball
1-0: Called Strike
1-1: Swinging Strike
1-2: Ball
2-2: Ball
3-2: Foul Ball, location: 2F
3-2: Foul Ball, location: 2F
3-2: SINGLE (Flyball, 78M)
Ben Martin scores
Ralph Petit to second
Ralph Petit to third
Batting: RHB Mike Best 0-0: Ball
1-0: Foul Ball, location: 2F
1-1: Ball
2-1: Foul Ball, location: 2F
2-2: Foul Ball, location: 2F
2-2: DOUBLE (Line Drive, 7LM)
Ralph Petit scores
Blake Davis to third
Runner from 3rd tries for Home, SAFE, throw made at trailing runner, SAFE at third!
Pitching: LHP Valentín García
Batting: RHB Louis García 0-0: Called Strike
0-1: Swinging Strike
0-2: Ball
1-2: Strikes out swinging
Batting: RHB Haywood Young 0-0: Called Strike
0-1: SINGLE (Flyball, 34D)
Mike Best scores
Batting: LHB Adam Roberts 0-0: Ball
1-0: Ball
2-0: Foul Ball, location: 2F
2-1: SINGLE (Line Drive, 8LS)
Haywood Young to second
Batting: RHB Edison Knight 0-0: Swinging Strike
0-1: Ball
1-1: Foul Ball, location: 2F
1-2: Strikes out swinging
Bottom of the 4th over - 5 run(s), 6 hit(s), 1 error(s), 2 left on base; Oceanside HS 5 - Bishop Amat HS 8
TOP OF THE 5TH
Oceanside HS Pirates batting - Pitching for Bishop Amat HS : RHP Michael Miller
Batting: RHB Pancho Rodríguez 0-0: Foul Ball, location: 2F
0-1: Ball
1-1: Called Strike
1-2: Ball
2-2: Foul Ball, location: 2F
2-2: Ground out 4-3 (Groundball, 4MD)
Batting: RHB Danny Boykins 0-0: Ball
1-0: Ball
2-0: Called Strike
2-1: Ball
3-1: Swinging Strike
3-2: Strikes out looking
Batting: RHB Henry Rose 0-0: Ball
1-0: Ball
2-0: Ball
3-0: Called Strike
3-1: Called Strike
3-2: Fly out, F8 (Flyball, 8RS)
Top of the 5th over - 0 run(s), 0 hit(s), 0 error(s), 0 left on base; Oceanside HS 5 - Bishop Amat HS 8
BOTTOM OF THE 5TH
Bishop Amat HS batting - Pitching for Oceanside HS Pirates : LHP Valentín García
Batting: RHB Andrew Miller 0-0: Ball
1-0: Called Strike
1-1: Ball
2-1: Foul Ball, location: 2F
2-2: Strikes out swinging
Batting: RHB Ben Martin 0-0: Ball
1-0: Foul Ball, location: 2F
1-1: Ball
2-1: Ground out 5-3 (Groundball, 56)
Batting: RHB Ralph Petit 0-0: Fly out, F8 (Line Drive, 8LS)
Bottom of the 5th over - 0 run(s), 0 hit(s), 0 error(s), 0 left on base; Oceanside HS 5 - Bishop Amat HS 8
TOP OF THE 6TH
Oceanside HS Pirates batting - Pitching for Bishop Amat HS : RHP Michael Miller
Batting: LHB Ron Young 0-0: Ball
1-0: Fly out, F9 (Flyball, 9S)
Batting: RHB Howard Brown 0-0: Ball
1-0: Foul Ball, location: 2F
1-1: Ball
2-1: Foul Ball, location: 2F
2-2: Strikes out looking
Batting: RHB Norm Walker 0-0: Fly out, F5 (Popup, 56)
Top of the 6th over - 0 run(s), 0 hit(s), 0 error(s), 0 left on base; Oceanside HS 5 - Bishop Amat HS 8
BOTTOM OF THE 6TH
Bishop Amat HS batting - Pitching for Oceanside HS Pirates : LHP Valentín García
Batting: RHB Blake Davis 0-0: Foul Ball, location: 2F
0-1: Swinging Strike
0-2: Strikes out looking
Batting: RHB Mike Best 0-0: Ball
1-0: Swinging Strike
1-1: Ball
2-1: Ball
3-1: Ground out 5-3 (Groundball, 56S)
Batting: RHB Louis García 0-0: Ground out 6-3 (Groundball, 6)
Bottom of the 6th over - 0 run(s), 0 hit(s), 0 error(s), 0 left on base; Oceanside HS 5 - Bishop Amat HS 8
TOP OF THE 7TH
Oceanside HS Pirates batting - Pitching for Bishop Amat HS : RHP Michael Miller
Batting: RHB Heath Jones 0-0: Called Strike
0-1: Foul Ball, location: 2F
0-2: Ball
1-2: Ball
2-2: DOUBLE (Groundball, 5L)
Batting: LHB Frank Byrd 0-0: Ball
1-0: Called Strike
1-1: Swinging Strike
1-2: Ball
2-2: Strikes out swinging
Pitching: LHP Peter Méndez
Batting: RHB Luis Viña 0-0: Ball
1-0: Swinging Strike
1-1: Ball
2-1: Foul Ball, location: 2F
2-2: Ball
3-2: Fly out, F6 (Popup, 6)
Batting: RHB Pancho Rodríguez 0-0: Ball
1-0: Fly out, F8 (Line Drive, 8LM)
Top of the 7th over - 0 run(s), 1 hit(s), 0 error(s), 1 left on base; Oceanside HS 5 - Bishop Amat HS 8
BOTTOM OF THE 7TH
Bishop Amat HS batting - Pitching for Oceanside HS Pirates : LHP Valentín García
Batting: RHB Haywood Young 0-0: Ground out 5-3 (Groundball, 56)
Batting: LHB Adam Roberts 0-0: Ball
1-0: Swinging Strike
1-1: Ball
2-1: Foul Ball, location: 2F
2-2: Foul Ball, location: 2F
2-2: Ball
3-2: Strikes out swinging
Batting: RHB Edison Knight 0-0: Called Strike
0-1: Single, Error in OF, E9, batter to second base
Batting: RHB Andrew Miller 0-0: Ball
1-0: Called Strike
1-1: Ball
2-1: Foul Ball, location: 2F
2-2: Fly out, F7 (Flyball, 7)
Bottom of the 7th over - 0 run(s), 1 hit(s), 1 error(s), 1 left on base; Oceanside HS 5 - Bishop Amat HS 8
TOP OF THE 8TH
Oceanside HS Pirates batting - Pitching for Bishop Amat HS : LHP Peter Méndez
Batting: RHB Danny Boykins 0-0: Swinging Strike
0-1: Foul Ball, location: 2F
0-2: Ball
1-2: Ball
2-2: Fly out, F2 (Popup, 23)
Batting: RHB Henry Rose 0-0: Called Strike
0-1: Ball
1-1: Ball
2-1: Ball
3-1: Ground out 6-3 (Groundball, 6)
Batting: LHB Ron Young 0-0: Ball
1-0: Ball
2-0: Ball
3-0: Base on Balls
Pitching: RHP Bob Schultz
Batting: RHB Howard Brown 0-0: Ball
1-0: Foul Ball, location: 2F
1-1: Foul Ball, location: 2F
1-2: DOUBLE (Line Drive, 89M)
Ron Young to third
Batting: RHB Norm Walker 0-0: Called Strike
0-1: Ball
1-1: Ball
2-1: Ball
3-1: Base on Balls
Batting: RHB Heath Jones 0-0: Ball
1-0: Foul Ball, location: 2F
1-1: Swinging Strike
1-2: Ball
2-2: Strikes out swinging
Top of the 8th over - 0 run(s), 1 hit(s), 0 error(s), 3 left on base; Oceanside HS 5 - Bishop Amat HS 8
BOTTOM OF THE 8TH
Bishop Amat HS batting - Pitching for Oceanside HS Pirates : LHP Valentín García
Batting: RHB Ben Martin 0-0: Foul Ball, location: 2F
0-1: Bunt for hit - play at first, batter safe!
Batting: RHB Ralph Petit 0-0: Called Strike
0-1: Bunted foul
0-2: Foul Ball, location: 2F
0-2: Foul Ball, location: 2F
0-2: Foul Ball, location: 2F
0-2: Foul Ball, location: 2F
0-2: Fly out, F9 (Flyball, 9LMF)
Pitching: LHP Jude Hatfield
Batting: RHB Blake Davis 0-0: Ball
1-0: SINGLE (Line Drive, 6M)
Ben Martin to second
Batting: RHB Mike Best 0-0: Foul Ball, location: 2F
0-1: Ball
1-1: Ball
2-1: Swinging Strike
2-2: Foul Ball, location: 2F
2-2: Ball
3-2: DOUBLE (Groundball, 5L)
Ben Martin scores
Blake Davis to third
Batting: RHB Louis García 0-0: Ball
1-0: Swinging Strike
1-1: Called Strike
1-2: Foul Ball, location: 2F
1-2: Foul Ball, location: 2F
1-2: Foul Ball, location: 2F
1-2: Strikes out swinging
Batting: RHB Haywood Young 0-0: Ball
1-0: Foul Ball, location: 2F
1-1: Swinging Strike
1-2: SINGLE (Groundball, 6MD)
Blake Davis scores
Mike Best to third
Runner from 3rd tries for Home, SAFE, no throw
Batting: LHB Adam Roberts 0-0: Foul Ball, location: 2F
0-1: Ball
1-1: Ball
2-1: Foul Ball, location: 2F
2-2: SINGLE (Groundball, 34) (infield hit)
Haywood Young to second
Batting: RHB Edison Knight 0-0: Ball
1-0: Fly out, F9 (Line Drive, 89M)
Bottom of the 8th over - 3 run(s), 5 hit(s), 0 error(s), 2 left on base; Oceanside HS 5 - Bishop Amat HS 11
TOP OF THE 9TH
Oceanside HS Pirates batting - Pitching for Bishop Amat HS : RHP Bob Schultz
Batting: LHB Frank Byrd 0-0: Called Strike
0-1: Ball
1-1: Ball
2-1: Fly out, F4 (Popup, 4)
Batting: RHB Luis Viña 0-0: Called Strike
0-1: Foul Ball, location: 2F
0-2: Strikes out looking
Batting: RHB Pancho Rodríguez 0-0: Ground out 1-3 (Groundball, 13S)
Top of the 9th over - 0 run(s), 0 hit(s), 0 error(s), 0 left on base; Oceanside HS 5 - Bishop Amat HS 11
Thursday, March 30th, 2017 - OOTP Baseball 17.12 Build 75